 Dungeon Crawl Stone Soup version 0.19-a0-1672-g679cadd (webtiles) character file.

27 Ijustatesigmund the Magician (level 2, -4/19 HPs)
             Began as a Deep Elf Wizard on Sept 22, 2016.
             Slain by a worm (10 damage)
             ... on level 2 of the Dungeon.
             The game lasted 00:04:31 (1161 turns).

Ijustatesigmund the Magician (Deep Elf Wizard)      Turns: 1161, Time: 00:04:32

Health: -4/19      AC:  3    Str:  9    XL:     2   Next: 93%
Magic:  0/9        EV: 16    Int: 22    God:
Gold:   110        SH:  0    Dex: 13    Spells: 3 memorised, 4 levels left

rFire  . . .     SeeInvis .     k - +0 dagger
rCold  . . .     Gourm    .     a - +1 robe
rNeg   . . .     Faith    .     (no shield)
rPois  .         Spirit   .     b - +0 hat
rElec  .         Dismiss  .     (no cloak)
rCorr  .         Reflect  .     (no gloves)
MR     .....     Harm     .     (no boots)
Stlth  .......... Clarity  +    (no amulet)
                                j - +3 ring of evasion
                                f - ring of loudness (curse)

@: berserking, very slightly contaminated, hasted, repel missiles, very quick
A: clarity, frail 1
a: no special abilities


You were on level 2 of the Dungeon.
You were hungry.

You visited 1 branch of the dungeon, and saw 2 of its levels.

You collected 110 gold pieces.

Inventory:

Hand Weapons
 k - a +0 dagger (weapon)
Armour
 a - a +1 robe (worn)
 b - a +0 hat (worn)
 h - a +0 buckler
Jewellery
 f - a cursed ring of loudness (left hand)
 g - a +1 ring of protection
 j - a +3 ring of evasion (right hand)
 q - an uncursed amulet of magic regeneration {unknown}
Scrolls
 m - a scroll of noise {unknown}
 o - a scroll of enchant weapon
 p - a scroll of recharging {unknown}
 r - a scroll of enchant armour
Books
 c - a book of Minor Magic

   Spells                             Type                      Level
   a - Magic Dart                     Conjuration                  1
   b - Blink                          Translocation                2
   c - Call Imp                       Summoning                    2
   d - Repel Missiles                 Charms/Air                   2
   e - Slow                           Hexes                        2
   f - Conjure Flame                  Conjuration/Fire             3
   g - Mephitic Cloud                 Conjuration/Poison/Air       3
Comestibles
 d - 3 bread rations
 i - a beef jerky
 l - 5 fruits


   Skills:
 - Level 2.4 Dodging
 - Level 2.4 Stealth
 - Level 4.4 Spellcasting
 + Level 2.9 Conjurations
   Level 1.1 Summonings
 + Level 1.5 Translocations


You had 4 spell levels left.
You knew the following spells:

 Your Spells              Type           Power        Failure   Level  Hunger
a - Magic Dart            Conj           ###.         3%          1    None
b - Blink                 Tloc           N/A          10%         2    #......
c - Repel Missiles        Chrm/Air       #.....       17%         2    #......


Dungeon Overview and Level Annotations

Branches:
Dungeon (2/15)

Altars:


Innate Abilities, Weirdness & Mutations

You possess an exceptional clarity of mind.
You are frail. (-10% HP)


Message History

The worm is lightly wounded.
The worm barely misses you.
You hit the worm.
The worm is lightly wounded.
You barely miss the worm.
The worm is lightly wounded.
The worm completely misses you.
It was a potion of berserk rage.
A red film seems to cover your vision as you go berserk!
You feel yourself moving faster!
You feel mighty!
You puncture the worm!
The worm is heavily wounded.
The worm closely misses you.
You puncture the worm!
The worm is almost dead.
You barely miss the worm.
The worm is almost dead.
The worm bites you!
Ouch! That really hurt!
You die...

##........... ..........%
......... .%..... ..... †).
#w# #####@## #......# #+#
#......# #.# #......# #.#
#......###########
########.###....(...........#
...........##############.###
########.#+######### #.#
...................# #.#


You could see a worm.

Vanquished Creatures
  A dart slug (D:1)
  A leopard gecko (D:1)
  4 goblins
  2 hobgoblins
  A quokka (D:2)
  A ball python (D:2)
  4 bats
  2 kobolds
  7 rats
23 creatures vanquished.

Notes
Turn   | Place    | Note
-------+----------+-------------------------------------------
     0 | D:1      | Ijustatesigmund the Deep Elf Wizard began the quest for the Orb.
     0 | D:1      | Reached XP level 1. HP: 10/10 MP: 7/7
   423 | D:1      | Reached XP level 2. HP: 15/15 MP: 7/9
   999 | D:2      | Learned a level 2 spell: Blink
  1002 | D:2      | Learned a level 2 spell: Repel Missiles
  1115 | D:2      | Gained mutation: You are frail. (-10% HP) [potion of mutation]
  1115 | D:2      | Gained mutation: You possess an exceptional clarity of mind. [potion of mutation]
  1161 | D:2      | Slain by a worm

Vault maps used:
D:1:      elethiomel_arrival_infinity_welcomes_careful_drivers,
          minmay_misc_feat_encased

Skill      XL: |  1 |
---------------+----+-----
Conjurations   | 2 |  2.9
Dodging        | |  2.4
Stealth        | |  2.4
Spellcasting   | |  4.4
Summonings     | |  1.1
Translocations | |  1.5

Action                   || total
-------------------------++-------
Melee: Dagger            ||    42
 Cast: Magic Dart        ||    44
       Repel Missiles    ||     1
  Use: Scroll            ||     4
       Potion            ||     4
Armor: Robe              ||     6
Dodge: Dodged            ||    44
